 Dungeon Crawl Stone Soup version 0.17-a0-2098-gf59d6bc (webtiles) character file.

704 brucemayne the Cleaver (level 7, -3/57 HPs)
             Began as a Hill Orc Berserker on Oct 17, 2015.
             Was a Believer of Trog.
             Slain by an ogre
             ... wielding a +0 giant club
              (15 damage)
             ... on level 4 of the Dungeon.
             The game lasted 00:05:21 (764 turns).

brucemayne the Cleaver (Hill Orc Berserker)          Turns: 764, Time: 00:05:21

Health: -3/57      AC: 12    Str: 21    XL:     7   Next: 66%
Magic:  7/7        EV: 11    Int:  8    God:    Trog [**....]
Gold:   122        SH:  0    Dex: 15    Spells: 0 memorised, 6 levels left

rFire  . . .     SeeInvis .     a - +0 hand axe
rCold  . . .     Clarity  .     k - +0 plate armour
rNeg   . . .     SustAt   .     (no shield)
rPois  .         Gourm    .     (no helmet)
rElec  .         Spirit   .     o - +0 cloak
rCorr  .         Warding  .     (no gloves)
rMut   .         Stasis   .     (no boots)
MR     .....                    (no amulet)
Stlth  ..........               (no ring)
                                (no ring)

@: agile, exhausted, slowed, very slow, not resistant to hostile enchantments,
extremely unstealthy
A: no striking features
a: Burn Spellbooks, Berserk, Trog's Hand, Renounce Religion


You were on level 4 of the Dungeon.
You worshipped Trog.
Trog was pleased with you.
You were not hungry.

You visited 1 branch of the dungeon, and saw 4 of its levels.

You collected 122 gold pieces.

Inventory:

Hand Weapons
 a - a +0 hand axe (weapon)
 s - a +0 whip of freezing
Missiles
 e - 25 poisoned needles
Armour
 b - a +0 animal skin
 i - a +0 leather armour
 k - a +0 plate armour (worn)
 o - a +0 cloak (worn)
Jewellery
 f - an uncursed ring of wizardry
Scrolls
 d - a scroll of identify {unknown}
 j - a scroll of magic mapping {unknown}
 m - a scroll of teleportation {unknown}
 n - a scroll of enchant armour {unknown}
Potions
 g - a potion of invisibility {unknown}
 p - a potion of mutation {unknown}
 q - a potion of degeneration {unknown}
Books
 r - a Necronomicon

   Spells                             Type                      Level
   a - Haunt                          Necromancy/Summoning         7
   b - Borgnjor's Revivification      Necromancy                   8
   c - Death's Door                   Charms/Necromancy            8
   d - Necromutation                  Transmutation/Necromancy     8
   Trog disapproves of the use of such an item.
Comestibles
 c - a bread ration
 h - 2 meat rations


   Skills:
 + Level 3.6 Fighting
 - Level 11.2 Axes
 + Level 2.1 Armour
 - Level 1.5 Dodging


You had 6 spell levels left.
You didn't know any spells.

Dungeon Overview and Level Annotations

Branches:
Dungeon (4/15)
 Temple: D:4-7

Altars:

Annotations:
D:4 Robin


Message History

Unknown command.
You aren't carrying any items that can be evoked.
Unknown command.
Read which item? (? for menu, Esc to quit)
Okay, then.
Use which ability?
You fail to use your ability.
The ogre hits you but does no damage. The ogre hits you with a giant club.
You swap places.
The ogre hits you with a giant club!!
* * * LOW HITPOINT WARNING * * *
Drink which item? (? for menu, Esc to quit)
You feel agile all of a sudden. The ogre hits you with a giant club.
* * * LOW HITPOINT WARNING * * *
The ogre barely misses you.
Robin shouts!
The ogre hits you with a giant club!
You die...

.#############
.g...........#
#...@O....##
#.#######..##########
#................
#.####.#########.
#.###.##.p.......)##.
..................)..
#<###.##.#..#####.##.
# #.##.# #...#.
#.##..# #...#.


You could see an ogre and Robin.

Vanquished Creatures
  Pikel (D:4)
  Menkaure (D:4)
  Jessica (D:3)
  An orc wizard (D:3)
  A worker ant (D:4)
  An ooze (D:2)
  A worm (D:2)
  4 orcs (D:3)
  2 giant cockroaches
  7 hobgoblins
  A quokka (D:3)
  2 bats
  A giant gecko skeleton (D:4)
  9 goblins
  4 jackals (D:3)
  2 kobolds (D:3)
  3 rats
42 creatures vanquished.

Vanquished Creatures (others)
  An adder (D:4)
  2 goblins (D:4)
3 creatures vanquished.

Grand Total: 45 creatures vanquished

Notes
Turn   | Place    | Note
--------------------------------------------------------------
     0 | D:1      | brucemayne the Hill Orc Berserker began the quest for the Orb.
     0 | D:1      | Reached XP level 1. HP: 19/19 MP: 1/1
   239 | D:2      | Reached XP level 2. HP: 26/26 MP: 2/2
   261 | D:2      | Reached skill level 5 in Axes
   310 | D:3      | Reached XP level 3. HP: 26/31 MP: 3/3
   339 | D:3      | Noticed Jessica
   351 | D:3      | Killed Jessica
   351 | D:3      | Reached skill level 6 in Axes
   359 | D:3      | Reached ** piety under Trog
   361 | D:3      | Reached XP level 4. HP: 39/39 MP: 4/4
   572 | D:4      | Noticed a slave
   573 | D:4      | Noticed a slave
   574 | D:4      | Noticed Pikel
   576 | D:4      | Noticed a slave
   576 | D:4      | Noticed a slave
   610 | D:4      | Killed Pikel
   610 | D:4      | Reached skill level 10 in Axes
   610 | D:4      | Reached XP level 5. HP: 45/45 MP: 5/5
   610 | D:4      | Reached XP level 6. HP: 51/51 MP: 6/6
   610 | D:4      | Reached XP level 7. HP: 57/57 MP: 7/7
   627 | D:4      | Noticed Robin
   736 | D:4      | Noticed Menkaure
   744 | D:4      | Killed Menkaure
   744 | D:4      | Reached skill level 11 in Axes
   749 | D:4      | Noticed an ogre
   764 | D:4      | Slain by an ogre

Vault maps used:
D:1:      eino_arrival_cavern_d
D:2:      kennysheep_generic_room_10
D:3:      uniq_jessica
D:4:      first_bread, serial_bayou_lake_a, uniq_robin, uniq_menkaure,
          uniq_pikel

Action                   |  1- 3 |  4- 6 |  7- 9 || total
-------------------------+-------+-------+-------++-------
Melee: Hand axe          |    54 |    43 |    51 ||   148
Invok: Berserk           |     1 |     1 |     1 ||     3
       Trog's Hand       |       |     1 |     1 ||     2
  Use: Potion            |       |       |     1 ||     1
  Eat: Bread ration      |       |       |     1 ||     1
